 Dungeon Crawl Stone Soup version 0.23.2-33-g5129a83184 (webtiles) character file.

Game seed: 12778436282500184178

646562 AarnesTheHuman the Slayer (level 27, 0/399 HPs)
             Began as a Hill Orc Fighter on July 31, 2019.
             Was the Champion of Beogh.
             Killed from afar by an orb of fire (7 damage)
             ... with a fireball
             ... on level 4 of the Realm of Zot on Aug 4, 2019.
             The game lasted 15:07:17 (91850 turns).

AarnesTheHuman the Slayer (Hill Orc Fighter)       Turns: 91850, Time: 15:07:17

Health: 0/399      AC: 43    Str: 33    XL:     27
Magic:  24/33      EV:  8    Int: 12    God:    Beogh [******]
Gold:   3690       SH: 20    Dex:  7    Spells: 2/46 levels left

rFire    + + .     SeeInvis +   o - +8 mithril axe "Arga" {speed, MR+}
rCold    + + +     Gourm    .   Q - +5 shield {rC+}
rNeg     . . .     Faith    +   b - +11 plate armour of Duck's Teeth {rElec MR+}
rPois    .         Spirit   .   Z - +2 hat {Int+3}
rElec    +         Reflect  .   q - scarf {rC+ rF+}
rCorr    .         Harm     .   V - +2 pair of gloves
MR       ++++.                  T - +2 pair of boots "Sikh" {rC+ Slay+4}
Stlth    ..........             l - amulet of faith
HPRegen  0.76/turn              i - ring "Hyjiebot" {AC+6 Str+3 Dex-3 SInv Stlth+}
MPRegen  0.23/turn              R - ring of protection from fire

@: berserking, very quick
A: walk on water, horns 2, blurry vision 1, dopey 2, low mp 1, screaming 1, weak
1, no potion heal 1
}: 4/15 runes: serpentine, barnacled, slimy, silver
a: Smiting, Recall Orcish Followers, Give Item to Named Follower, Resurrection,
Renounce Religion


You were on level 4 of the Realm of Zot.
You worshipped Beogh.
Beogh was exalted by your worship.
You were very hungry.

You visited 10 branches of the dungeon, and saw 54 of its levels.
You visited 1 bazaar.
You also visited: Trove, Ossuary, Ice Cave and Volcano.

You collected 9388 gold pieces.
You spent 5698 gold pieces at shops.

Inventory:

Hand Weapons
 o - the +8 mithril axe "Arga" (weapon) {speed, MR+}
   (You took it off a deep elf mage on level 3 of the Elven Halls)

   Attacks with this weapon are significantly faster.
   It affects your resistance to hostile enchantments.
Armour
 b - the +11 plate armour of Duck's Teeth (worn) {rElec MR+}
   (You bought it in a shop on level 2 of the Orcish Mines)

   It insulates you from electricity.
   It affects your resistance to hostile enchantments.
 q - a scarf of resistance (worn)
 u - the +11 chain mail of the Four Stories {MR+ Str+2 Dex+3}
   (You bought it in a shop on level 2 of the Orcish Mines)

   It affects your strength (+2).
   It affects your dexterity (+3).
   It affects your resistance to hostile enchantments.
 O - a scarf of cloud immunity
 Q - a +5 shield of cold resistance (worn)
 T - the +2 pair of boots "Sikh" (worn) {rC+ Slay+4}
   (You found it on level 5 of the Vaults)

   It affects your accuracy and damage with ranged weapons and melee attacks
   (+4).
   It protects you from cold.
 V - a +2 pair of gloves (worn)
 Z - a +2 hat of intelligence (worn)
Jewellery
 c - the ring "Neun" {rPois rC- rN++ MP+9 Int+3}
   (You found it on level 2 of the Depths)

   [ring of intelligence]

   It affects your intelligence (+3).
   It makes you vulnerable to cold.
   It protects you from poison.
   It greatly protects you from negative energy.
   It affects your magic capacity (+9).
 i - the ring "Hyjiebot" (left hand) {AC+6 Str+3 Dex-3 SInv Stlth+}
   (You bought it in a shop on level 4 of the Vaults)

   [ring of protection]

   It affects your AC (+6).
   It affects your strength (+3).
   It affects your dexterity (-3).
   It lets you see invisible.
   It makes you more stealthy.
 l - an amulet of faith (around neck)
 x - an uncursed ring of resist corrosion
 C - an uncursed ring of magical power
 L - the ring "Sargheonee" {rC+ rN+ Slay+3 Stlth+}
   (You found it in a treasure trove)

   [ring of stealth]

   It affects your accuracy and damage with ranged weapons and melee attacks
   (+3).
   It protects you from cold.
   It protects you from negative energy.
   It makes you more stealthy.
 P - an uncursed ring of wizardry
 R - a ring of protection from fire (right hand)
 W - an uncursed ring of protection from cold
 X - an uncursed ring of protection from magic
Wands
 a - a wand of scattershot (7)
 k - a wand of disintegration (10)
 w - a wand of digging (25)
 D - a wand of clouds (2)
Scrolls
 g - 18 scrolls of remove curse
 m - 22 scrolls of teleportation
 s - 2 scrolls of fear
 A - 7 scrolls of magic mapping
 E - 6 scrolls of fog
 F - 3 scrolls of summoning
 H - 13 scrolls of blinking
 J - 10 scrolls of identify
 N - 2 scrolls of silence
 U - a scroll of holy word
Potions
 d - 8 potions of might
 e - 15 potions of curing
 h - 10 potions of brilliance
 n - 3 potions of resistance
 p - 7 potions of agility
 z - 4 potions of magic
 G - 2 potions of haste
 I - 2 potions of berserk rage
 K - 6 potions of cancellation
 M - 11 potions of flight
 S - 7 potions of ambrosia
Comestibles
 f - 63 rations


   Skills:
 + Level 25.3 Fighting
 - Level 18.0 Axes
 + Level 16.0 Armour
 - Level 16.7 Shields
 - Level 10.2 Spellcasting
 - Level 17.8 Conjurations
 + Level 15.0 Hexes
 - Level 6.5 Charms
 + Level 13.7 Summonings
 - Level 17.5 Fire Magic
 - Level 7.0 Air Magic
 - Level 0.6 Earth Magic
 - Level 8.9 Invocations


You had 2 spell levels left.
You knew the following spells:

 Your Spells              Type           Power        Failure   Level  Hunger
a - Conjure Flame         Conj/Fire      #####...     1%          3    ##.....
b - Summon Lightning Spi  Summ/Air       ####....     8%          4    ####...
c - Animate Skeleton      Necr           N/A          47%         1    None
d - Summon Mana Viper     Hex/Summ       #####...     4%          5    #####..
e - Sticky Flame          Conj/Fire      #####...     1%          4    ####...
f - Throw Flame           Conj/Fire      #####.       1%          2    None
g - Poisonous Vapours     Pois/Air       ##....       19%         2    None
h - Fireball              Conj/Fire      #####.....   1%          5    #####..
i - Mephitic Cloud        Conj/Pois/Air  ####....     5%          3    ##.....
j - Bolt of Magma         Conj/Fire/Erth ####......   11%         5    #####..
k - Spectral Weapon       Hex/Chrm       ####....     1%          3    ##.....
l - Stone Arrow           Conj/Erth      ####..       3%          3    ##.....
m - Summon Guardian Gole  Hex/Summ       #####...     1%          3    ##.....
n - Summon Butterflies    Summ           #####...     1%          1    None

Your spell library contained the following spells:

 Spells                   Type           Power        Failure   Level  Hunger
 Confusing Touch          Hex            #####.       1%          1    None
 Corona                   Hex            #####..      1%          1    None
 Flame Tongue             Conj/Fire      #####        1%          1    None
 Magic Dart               Conj           ####         1%          1    None
 Shock                    Conj/Air       ####         1%          1    None
 Sting                    Conj/Pois      ####         1%          1    None
 Summon Small Mammal      Summ           ####         1%          1    None
 Call Imp                 Summ           #####...     1%          2    None
 Searing Ray              Conj           #####.       1%          2    None
 Slow                     Hex            #####...     1%          2    None
 Throw Frost              Conj/Ice       ####..       1%          2    None
 Infusion                 Chrm           ###.         3%          1    None
 Ensorcelled Hibernation  Hex/Ice        ###...       3%          2    None
 Swiftness                Chrm/Air       ###.....     4%          2    None
 Song of Slaying          Chrm           ###.....     5%          2    None
 Shroud of Golubria       Chrm/Tloc      ##........   21%         2    None
 Sandblast                Erth           #.....       38%         1    None
 Apportation              Tloc           #.....       47%         1    None
 Beastly Appendage        Tmut           #.....       47%         1    None
 Freeze                   Ice            #...         47%         1    None
 Pain                     Necr           #...         47%         1    None
 Passwall                 Tmut/Erth      #.......     56%         2    None
 Blink                    Tloc           N/A          63%         2    None
 Sticks to Snakes         Tmut           #.......     63%         2    None
 Call Canine Familiar     Summ           #####...     1%          3    ##.....
 Confuse                  Hex            #####...     1%          3    ##.....
 Dazzling Spray           Conj/Hex       #####.       1%          3    ##.....
 Inner Flame              Hex/Fire       #####...     1%          3    ##.....
 Static Discharge         Conj/Air       #####...     1%          3    ##.....
 Tukima's Dance           Hex            #####...     1%          3    ##.....
 Cause Fear               Hex            #####.....   1%          4    ####...
 Fulminant Prism          Conj/Hex       #####.....   1%          4    ####...
 Iskenderun's Mystic Bla  Conj           #####...     1%          4    ####...
 Aura of Abjuration       Summ           #####.....   5%          5    #####..
 Summon Demon             Summ           #####.....   5%          5    #####..
 Portal Projectile        Hex/Tloc       ###...       8%          3    ##.....
 Lightning Bolt           Conj/Air       #####.....   9%          5    #####..
 Recall                   Summ/Tloc      N/A          10%         3    ##.....
 Iskenderun's Battlesphe  Conj/Chrm      #####...     10%         5    #####..
 Ignite Poison            Fire/Tmut/Pois ###.....     14%         3    ##.....
 Force Lance              Conj/Tloc      ####....     14%         4    ####...
 Throw Icicle             Conj/Ice       ####....     14%         4    ####...
 Silence                  Hex/Air        ####......   16%         5    #####..
 Darkness                 Hex            #####.....   17%         6    #######
 Leda's Liquefaction      Hex/Erth       ###.......   22%         4    ####...
 Shadow Creatures         Summ           N/A          28%         6    #######
 Airstrike                Air            ###.......   30%         4    ####...
 Orb of Destruction       Conj           #####.....   30%         7    #######
 Summon Ice Beast         Ice/Summ       ###.....     32%         4    ####...
 Venom Bolt               Conj/Pois      ####......   36%         5    #####..
 Ozocubu's Armour         Chrm/Ice       ##......     38%         3    ##.....
 Regeneration             Chrm/Necr      ##........   38%         3    ##.....
 Metabolic Englaciation   Hex/Ice        ###.......   56%         5    #####..
 Yara's Violent Unravell  Hex/Tmut       ###.......   56%         5    #####..
 Spellforged Servitor     Conj/Summ      #####.....   56%         7    #######
 Summon Forest            Summ/Tloc      ###.......   65%         5    #####..
 Gell's Gravitas          Tloc           #.........   85%         3    ##.....
 Spider Form              Tmut/Pois      #.........   85%         3    ##.....
 Vampiric Draining        Necr           #.........   85%         3    ##.....
 Iron Shot                Conj/Erth      ####......   88%         6    #######
 Freezing Cloud           Conj/Ice/Air   ####......   95%         6    #######
 Ignition                 Fire           #####.....   95%         8    #######
 Ring of Flames           Chrm/Fire      #####.....   97%         7    #######
 Excruciating Wounds      Chrm/Necr      ##........   98%         5    #####..
 Animate Dead             Necr           N/A          99%         4    ####...
 Ice Form                 Ice/Tmut       #.......     99%         4    ####...
 Olgreb's Toxic Radiance  Pois           #.......     99%         4    ####...
 Petrify                  Tmut/Erth      #.......     99%         4    ####...
 Deflect Missiles         Chrm/Air       ###.......   99%         6    #######
 Blade Hands              Tmut           #.........   100%        5    #####..
 Borgnjor's Vile Clutch   Necr/Erth      #.........   100%        5    #####..
 Lee's Rapid Deconstruct  Erth           #.........   100%        5    #####..
 Dispersal                Tloc           #.........   100%        6    #######
 Statue Form              Tmut/Erth      #........    100%        6    #######
 Malign Gateway           Summ/Tloc      ###.......   100%        7    #######
 Controlled Blink         Tloc           N/A          100%        8    #######
 Discord                  Hex            #####.....   100%        8    #######
 Disjunction              Tloc           #.........   100%        8    #######
 Shatter                  Erth           #.........   100%        9    #######
 Tornado                  Air            ###.......   100%        9    #######


Dungeon Overview and Level Annotations

Branches:
Dungeon (15/15)            Temple (0/1) D:5            Lair (6/6) D:11
 Shoals (4/4) Lair:4        Snake (4/4) Lair:3        Slime (5/5) Lair:6
    Orc (2/2) D:10            Elf (3/3) Orc:2        Vaults (5/5) D:14
  Crypt (0/3) Vaults:2     Depths (5/5) D:15            Zot (5/5) Depths:5

Altars:
Ashenzari
Cheibriados
Elyvilon
Gozag
Hepliaklqana
Kikubaaqudgha
Nemelex Xobeh
Okawaru
Trog
Uskayaw
Vehumet
Wu Jian
Xom
Yredelemnul
The Shining One
Beogh

Shops:
D:6 (([(:   D:12 %   Orc:1 }   Orc:2 *[*[   Elf:3 :   Snake:1 (   Snake:2 =([[
Vaults:4 =:

Portals:
Hell: Depths:1 Depths:2 Depths:3 Depths:4 Depths:5
Abyss: Depths:1 Depths:2 Depths:4
Pandemonium: Depths:3
Ziggurat: Depths:1

Annotations:
D:10 3 runed translucent doors, exclusion: ice statue
D:12 1 exclusion
D:13 1 exclusion
Lair:1 exclusion: downstairs
Lair:2 1 exclusion
Shoals:1 exclusion: kraken
Snake:1 1 exclusion
Snake:2 1 exclusion
Slime:2 43 exclusions
Slime:3 exclusion: upstairs
Slime:4 1 exclusion
Orc:1 1 exclusion
Elf:1 1 exclusion
Elf:2 1 exclusion
Depths:1 exclusions: downstairs and 1 more exclusion
Depths:2 2 exclusions
Depths:3 3 runed translucent doors, exclusions: 3 doors and 1 more exclusion, NeAGen181's ghost, veteran HOFi
Depths:4 exclusions: downstairs and 1 more exclusion
Zot:4 2 transporters, exclusions: downstairs and 1 more exclusion, Vuoshruy's ghost, veteran MiBe
Zot:5 2 exclusions


Innate Abilities, Weirdness & Mutations

You can walk on water.
You have a pair of horns on your head.
Scrolls take you a little longer to read.
You are very dopey. (Int -4)
Your magical capacity is low. (-10% MP)
You occasionally shout uncontrollably at your foes.
You are weak. (Str -2)
Potions are less effective at restoring your health.


Message History

You slash the orb of fire! Your headbutt misses the orb of fire.
The orb of fire is moderately damaged.
You slice the quicksilver dragon!!
You block the quicksilver dragon's attack.
The quicksilver dragon closely misses you.
You miss the orb of fire. Your headbutt misses the orb of fire.
The orb of fire is moderately damaged.
You slice the quicksilver dragon!!
The orb of fire emits a lurid red light.
The bolt of fire hits you! You resist.
* * * LOW HITPOINT WARNING * * *
You block the quicksilver dragon's attack. x2
You slice the orb of fire!!
The orb of fire is heavily damaged.
You slice the quicksilver dragon!!
You kill the quicksilver dragon!
Beogh accepts your kill.
The orb of fire glows red.
The fireball explodes!
The fireball engulfs you! You resist.
You die...

.##.# #..# #### .'..#
##.# #.. .#### #.#
#.# .#
######'############.#
##
#.................#.#
#
#.................#..
#
#................)).#
#
#....†..........).###
#...@*............#
###################


You could see an orb of fire.

Vanquished Creatures
  2 orbs of fire
  5 ancient liches
  A juggernaut (Depths:5)
  Boris (Vaults:5)
  Margery (Vaults:4)
  3 curse toes (Zot:3)
  7 golden dragons
  Jory (Depths:4)
  the Enchantress (Depths:3)
  A bone dragon (Depths:5)
  2 electric golems (Zot:3)
  A lich (Depths:4)
  9 Orb Guardians (Zot:5)
  19 tentacled monstrosities
  6 titans (Vaults:5)
  5 quicksilver dragons
  5 acid blobs
  5 death cobs
  5 sphinxes
  6 shadow dragons
  Gastronok (D:11)
  11 storm dragons
  3 draconian monks
  2 nagarajas (Snake:4)
  4 tengu reavers
  7 azure jellies
  A draconian scorcher (Zot:3)
  3 draconian knights
  9 frost giants
  3 fire giants
  A deep elf sorcerer (Vaults:1)
  9 vault wardens
  2 iron dragons
  Louise (Depths:4)
  4 ghost moths
  4 draconian shifters
  A deep elf elementalist (Vaults:5)
  2 draconian stormcallers
  8 stone giants
  2 war gargoyles (Vaults:5)
  5 very ugly things
  2 spriggan defenders
  2 draconian annihilators
  4 entropy weavers
  2 vampire knights (Depths:4)
  12 ironheart preservers
  6 green draconians
  3 deep elf demonologists
  5 red draconians
  Azrael (Elf:2)
  5 purple draconians
  3 black draconians
  4 deep elf annihilators
  8 yellow draconians
  10 white draconians
  6 deep elf death magi
  3 spark wasps (Depths:3)
  5 merfolk javelineers
  An eidolon (Depths:5)
  3 merfolk impalers
  7 ettins
  4 fire dragons
  5 death oozes (Slime:5)
  A great orb of eyes (shapeshifter) (Depths:5)
  6 great orbs of eyes
  12 yaktaur captains
  A jiangshi (Vaults:2)
  14 vault guards
  4 ice dragons
  Harold (D:10)
  4 spriggan air magi
  A merfolk avatar (Lair:6)
  A hell beast (Depths:4)
  4 hydras
  4 naga warriors
  3 anacondas
  2 rakshasas
  2 death knights
  9 centaur warriors
  9 dancing weapons
  2 satyrs
  24 two-headed ogres
  11 death yaks
  2 catoblepae
  4 merfolk aquamancers
  8 ogre magi
  A vampire mage (Vaults:2)
  3 tengu warriors
  4 deep troll earth magi
  5 deep troll shamans
  An orc high priest (Orc:2)
  The ghost of Lapis the Thaumaturge, a journeyman DEVM of Sif Muna (Lair:1)
  5 shock serpents
  3 spriggan berserkers (Depths:3)
  5 naga sharpshooters
  A soul eater (Depths:2)
  15 deep elf knights
  7 iron trolls
  A fire crab (shapeshifter) (Vaults:4)
  12 hell knights
  Nergalle (Lair:1)
  3 skeletal warriors
  33 deep trolls
  A spectral minotaur (Depths:2)
  3 shadow wraiths
  A spark wasp zombie (Depths:3)
  15 sea snakes
  An unseen horror (shapeshifter) (D:15)
  4 salamander mystics
  A flayed ghost (Vaults:3)
  5 unseen horrors
  5 glowing orange brains (Depths:2)
  A golden dragon skeleton (Depths:2)
  6 deep elf archers
  3 phantasmal warriors
  2 orange crystal statues
  Pikel (D:7)
  A kraken simulacrum (Shoals:4)
  7 necromancers
  8 naga ritualists
  6 ironbrand convokers
  2 wizards
  A stone giant zombie (Vaults:4)
  3 orc knights
  3 harpies
  A glowing shapeshifter (Vaults:5)
  10 mana vipers
  4 shining eyes
  21 ugly things
  An orc sorcerer (Orc:2)
  4 cyclopes
  31 deep elf magi
  3 oklob plants (Lair:4)
  9 moths of wrath
  A wolf spider (D:15)
  10 fauns
  A fire giant zombie (Vaults:2)
  4 manticores
  An iron dragon skeleton (Depths:3)
  Joseph (D:8)
  4 salamanders
  A merfolk siren (Shoals:1)
  6 elephants (Lair:6)
  4 naga magi
  8 vault sentinels
  A spiny frog (shapeshifter) (Vaults:1)
  A molten gargoyle (D:14)
  2 gargoyles (D:14)
  2 water nymphs
  10 spiny frogs
  24 black mambas
  2 human zombies
  2 kobold demonologists
  4 komodo dragons
  A centaur skeleton (D:11)
  25 yaktaurs
  A rime drake (shapeshifter) (Vaults:5)
  5 rime drakes
  A spectral merfolk (Depths:2)
  4 freezing wraiths
  A tengu conjurer (Depths:5)
  An anaconda simulacrum (Depths:2)
  An efreet (D:13)
  5 trolls
  2 jumping spiders
  2 red devils (Volcano)
  A merfolk (shapeshifter) (Vaults:3)
  17 polar bears
  10 merfolk
  5 hornets
  A queen bee (Lair:1)
  A harpy skeleton (D:15)
  4 wind drakes
  3 snapping turtles
  2 hippogriffs
  A dream sheep (Shoals:3)
  33 slime creatures
  A raiju (Depths:2)
  A centaur simulacrum (D:15)
  A spriggan (Depths:3)
  3 flying skulls (Depths:4)
  2 elf skeletons (Depths:3)
  5 redbacks
  85 yaks
  4 shadows
  8 wraiths
  A yak (shapeshifter) (Vaults:2)
  3 vampires
  3 air elementals
  14 water elementals
  A tarantella (shapeshifter) (D:14)
  2 hogs (Shoals:1)
  A basilisk (shapeshifter) (Vaults:3)
  3 basilisks
  8 wyverns
  A golden eye (shapeshifter) (Vaults:5)
  4 golden eyes
  A hungry ghost (D:14)
  2 fire elementals (Elf:2)
  A minotaur simulacrum (Depths:2)
  2 vampire mosquitoes
  A human simulacrum (Vaults:3)
  A warg (shapeshifter) (Vaults:5)
  Menkaure (D:4)
  3 wargs
  23 nagas
  11 porcupines
  2 acid dragons
  2 hydra simulacra
  A soldier ant (D:8)
  Duvessa (D:7)
  12 water moccasins
  5 hell hounds
  4 spectral trolls (Depths:2)
  A spectral spriggan (Depths:2)
  A floating eye (Slime:5)
  9 orc warriors
  2 ice beasts
  4 sky beasts
  An eye of draining (shapeshifter) (D:14)
  A slave (D:7)
  A black bear (Lair:3)
  29 ogres
  3 eyes of draining
  9 boggarts
  11 centaurs
  14 wolves
  2 human skeletons (Vaults:2)
  9 crocodiles
  5 big kobolds
  A big kobold (shapeshifter) (Vaults:2)
  18 bullfrogs
  2 earth elementals
  A wyvern zombie (D:7)
  Dowan (D:6)
  An elf simulacrum (Vaults:1)
  A deep troll simulacrum (Vaults:3)
  2 gnoll sergeants (D:10)
  A water moccasin zombie (D:7)
  3 scorpions
  2 spectral nagas (Depths:2)
  10 wights
  A spectral ogre (Depths:2)
  20 killer bees
  5 electric eels
  A spectral centaur (Depths:2)
  2 howler monkeys
  3 centaur zombies
  A bullfrog zombie (D:9)
  A wyvern simulacrum (D:15)
  4 crimson imps
  A quasit (D:10)
  9 hounds
  3 orc priests
  2 jellies
  11 orc wizards
  2 iguanas
  7 hell rats (Lair:5)
  7 worker ants
  A spriggan simulacrum (Depths:2)
  A killer bee zombie (D:7)
  A hound skeleton (D:10)
  A worker ant zombie (D:11)
  A howler monkey skeleton (D:6)
  6 gnolls
  14 adders
  7 shadow imps
  An ooze (D:1)
  An adder skeleton (D:4)
  6 worms
  6 dart slugs
  7 leopard geckos
  31 orcs
  8 bats
  3 giant cockroaches
  6 hobgoblins
  3 jackals (D:2)
  8 quokkas
  4 ball pythons
  2 ball python skeletons (Ossuary)
  4 frilled lizards
  7 goblins
  2 goblin skeletons (D:5)
  3 hobgoblin skeletons (Ossuary)
  4 hobgoblin zombies
  A jackal zombie (D:6)
  17 kobolds
  A kobold skeleton (D:5)
  4 kobold zombies
  2 leopard gecko skeletons
  An orc zombie (Ossuary)
  A quokka skeleton (D:7)
  9 rats
  11 fungi
  22 plants
1536 creatures vanquished.

Vanquished Creatures (collateral kills)
  the Royal Jelly (Slime:5)
  Mara (Vaults:3)
  Mennas (Vaults:3)
  An orb of fire (Zot:3)
  3 juggernauts
  An ancient lich (Zot:5)
  Sojobo (Depths:2)
  2 caustic shrikes
  3 golden dragons
  A bone dragon (Depths:5)
  An electric golem (Zot:1)
  Jorgrun (Elf:1)
  3 tentacled monstrosities
  A lich (Vaults:3)
  4 Orb Guardians (Zot:5)
  A quicksilver dragon (Zot:3)
  13 acid blobs
  2 deep elf blademasters (Elf:3)
  2 deep elf master archers (Elf:3)
  An ancient champion (Vaults:2)
  Frances (Snake:2)
  A sphinx (Depths:3)
  11 tengu reavers
  Kirke (Shoals:1)
  6 storm dragons
  6 death cobs
  A draconian monk (Zot:1)
  2 shadow dragons
  A storm dragon (shapeshifter) (Depths:5)
  5 fire giants
  3 frost giants
  7 azure jellies
  A draconian knight (Depths:5)
  A frost giant (shapeshifter) (Vaults:4)
  2 orc warlords
  7 nagarajas (Snake:4)
  5 deep elf sorcerers
  3 deep elf elementalists
  3 iron dragons
  8 vault wardens
  3 spriggan defenders
  8 ironheart preservers
  A draconian annihilator (Zot:1)
  An entropy weaver (Vaults:3)
  A draconian shifter (Zot:1)
  A war gargoyle (Depths:2)
  8 very ugly things
  5 green draconians
  8 stone giants
  4 yellow draconians
  5 deep elf demonologists
  2 red draconians
  A black draconian (Zot:1)
  6 deep elf annihilators
  3 white draconians
  8 spark wasps
  5 purple draconians
  4 ettins
  3 deep elf death magi (Elf:3)
  2 eidola (Depths:2)
  4 merfolk javelineers
  10 merfolk impalers
  6 death oozes
  4 fire dragons
  7 ogre magi
  13 yaktaur captains
  7 great orbs of eyes
  9 naga warriors
  3 hydras
  2 rakshasas
  2 deep elf high priests (Depths:4)
  13 vault guards
  3 spriggan air magi
  5 centaur warriors
  The ghost of Shimatora the Frost Mage, a journeyman MfIE of Vehumet (Lair:2)
  5 ice dragons
  2 alligator snapping turtles
  An ice dragon (shapeshifter) (Depths:4)
  10 anacondas
  A merfolk avatar (Shoals:4)
  18 two-headed ogres
  A death knight (Vaults:4)
  19 dancing weapons
  5 deep troll earth magi
  A deep troll shaman (Depths:3)
  2 satyrs (Shoals:2)
  2 tengu warriors
  2 orc high priests (Orc:2)
  3 shock serpents
  11 naga sharpshooters
  2 soul eaters (Depths:2)
  7 spriggans
  7 spriggan berserkers
  9 deep elf knights
  3 salamander mystics
  5 skeletal warriors
  5 iron trolls (Depths:1)
  A death drake (shapeshifter) (Vaults:4)
  A shadow wraith (Depths:2)
  13 hell knights
  9 sea snakes
  5 flayed ghosts
  16 deep trolls
  3 wizards
  A glowing orange brain (Vaults:2)
  3 deep elf archers
  A golden dragon skeleton (Depths:2)
  A naga ritualist (Snake:4)
  6 orc knights
  11 harpies
  5 ironbrand convokers
  An orange crystal statue (Depths:2)
  3 necromancers
  25 deep elf magi
  9 mana vipers
  2 phantasmal warriors
  3 spectral hydras
  A wolf spider (Vaults:2)
  5 shining eyes
  2 orc sorcerers
  3 cyclopes
  7 salamanders
  A human zombie (Vaults:2)
  13 fauns
  An oklob plant (Lair:4)
  7 manticores
  3 human skeletons
  23 ugly things
  7 moths of wrath
  16 naga magi
  10 black mambas
  A fire giant skeleton (Depths:2)
  8 guardian serpents
  2 eyes of devastation
  A stone giant skeleton (Vaults:3)
  12 vault sentinels
  3 water nymphs
  A guardian serpent (shapeshifter) (Vaults:2)
  2 merfolk sirens (Shoals:4)
  A gargoyle (D:13)
  A yaktaur zombie (Vaults:4)
  A centaur skeleton (D:14)
  2 freezing wraiths (Vaults:5)
  2 komodo dragons
  A spectral merfolk (Depths:2)
  A red devil (Depths:4)
  20 yaktaurs
  2 tengu conjurers
  A jumping spider (Vaults:4)
  A troll (Orc:1)
  16 merfolk
  A dream sheep (Shoals:3)
  2 wind drakes
  A merfolk (shapeshifter) (Vaults:4)
  A hornet (shapeshifter) (Vaults:2)
  2 raiju (Depths:2)
  36 slime creatures
  10 hornets
  5 hippogriffs
  2 fire giant simulacra
  A frost giant simulacrum (Vaults:3)
  A dream sheep (shapeshifter) (Vaults:5)
  3 flying skulls (Depths:4)
  3 snapping turtles
  2 redbacks (Vaults:3)
  A vampire (Depths:2)
  An air elemental (Elf:2)
  A tarantella (Vaults:4)
  4 yaks
  A wyvern (Lair:6)
  A fire elemental (Elf:2)
  9 wraiths
  A spectral komodo dragon (Lair:2)
  A human simulacrum (Vaults:2)
  13 water elementals
  8 golden eyes
  2 hogs (Shoals:1)
  5 vampire mosquitoes
  3 wargs
  A steam dragon (D:11)
  41 nagas
  A soldier ant (shapeshifter) (Vaults:1)
  A swamp worm (shapeshifter) (Vaults:5)
  9 hell hounds
  A hydra simulacrum (Lair:2)
  2 floating eyes (Depths:2)
  5 orc warriors
  3 eyes of draining
  2 centaurs
  12 ogres
  6 boggarts
  2 crocodiles
  A big kobold (D:10)
  2 bullfrogs
  An earth elemental (Elf:3)
  A killer bee (D:8)
  A spectral ogre (Depths:2)
  5 wights
  A bullfrog zombie (D:12)
  2 komodo dragon simulacra (Lair:2)
  2 orc priests
  A hound (D:11)
  7 orc wizards
  An iguana (D:13)
  2 worker ants (D:13)
  A centaur simulacrum (Depths:2)
  2 gnolls (D:10)
  A shadow imp (Depths:3)
  An ooze (shapeshifter) (Vaults:5)
  9 orcs
  A bush (Elf:2)
  4 fungi
  32 plants
990 creatures vanquished.

Vanquished Creatures (others)
  Saint Roka (twice) (Depths:2 Vaults:5)
  11 orc warlords
  A tengu reaver (Vaults:4)
  A nagaraja (Snake:4)
  A deep elf elementalist (Elf:3)
  2 orc high priests
  2 deep elf knights (Elf:2)
  12 orc knights
  A deep elf mage (Elf:1)
  5 orc sorcerers
  A naga mage (Snake:2)
  24 orc warriors
  A warg (Depths:2)
  A slave (D:7)
  A crocodile (D:7)
  A bullfrog (D:11)
  17 orc wizards
  5 orc priests
  A worker ant (D:7)
  A hound skeleton (D:4)
  46 orcs
  A leopard gecko skeleton (D:4)
  3 fulminant prisms
  11 fungi
  24 plants
  25 spectral weapons
  15 tentacles
216 creatures vanquished.

Grand Total: 2742 creatures vanquished

Notes
Turn   | Place    | Note
-------+----------+-------------------------------------------
     0 | D:1      | AarnesTheHuman the Hill Orc Fighter began the quest for the
                  | Orb.
     0 | D:1      | Reached XP level 1. HP: 19/19 MP: 1/1
   264 | D:1      | Reached XP level 2. HP: 27/27 MP: 2/2
   314 | D:1      | Reached skill level 4 in Fighting
   323 | D:1      | Reached XP level 3. HP: 33/33 MP: 3/3
   981 | D:2      | Reached XP level 4. HP: 36/40 MP: 4/4
  1570 | D:3      | Found a faded altar of an unknown god.
  1740 | D:3      | Reached XP level 5. HP: 44/47 MP: 5/5
  2483 | D:4      | Found a bloodstained altar of Trog.
  2488 | D:4      | Became a worshipper of Beogh the Brigand
  2508 | D:4      | Found a sand-covered staircase.
  2516 | Ossuary  | Entered an ossuary
  2616 | Ossuary  | Noticed a flying skull
  2616 | Ossuary  | Noticed a wraith
  2623 | Ossuary  | Noticed a flying skull
  2628 | Ossuary  | Noticed a wraith
  2638 | Ossuary  | Killed a wraith
  2638 | Ossuary  | Reached skill level 5 in Fighting
  2638 | Ossuary  | Reached skill level 5 in Axes
  2638 | Ossuary  | Reached XP level 6. HP: 16/56 MP: 6/6
  2841 | Ossuary  | Reached skill level 5 in Armour
  2847 | Ossuary  | Noticed a flying skull
  2854 | Ossuary  | Noticed a flying skull
  2864 | Ossuary  | Noticed a wraith
  2887 | Ossuary  | Killed a wraith
  2887 | Ossuary  | Reached skill level 5 in Shields
  2887 | Ossuary  | Reached XP level 7. HP: 24/62 MP: 7/7
  3390 | D:4      | Noticed Menkaure
  3402 | D:4      | Killed Menkaure
  3402 | D:4      | Reached skill level 6 in Fighting
  3495 | D:4      | Found a white marble altar of Elyvilon.
  3527 | D:4      | HP: 2/63 [ogre/+0 giant spiked club (13)]
  4153 | D:4      | Got a twitching ruby amulet
  4155 | D:4      | Identified the amulet of Punouqot {Harm *Drain rPois MR-
                  | Str+7} (You found it on level 4 of the Dungeon)
  4174 | D:4      | Reached XP level 8. HP: 68/71 MP: 8/8
  4377 | D:4      | Found a hide-covered altar of Uskayaw.
  4380 | D:4      | Found an ancient bone altar of Kikubaaqudgha.
  4380 | D:4      | Found an iron altar of Okawaru.
  4393 | D:4      | Found a shattered altar of Ashenzari.
  4397 | D:4      | Found a radiant altar of Vehumet.
  4451 | D:4      | Found a snail-covered altar of Cheibriados.
  4572 | D:5      | Entered Level 5 of the Dungeon
  4591 | D:4      | Reached * piety under Beogh
  4914 | D:5      | Found a shimmering altar of Xom.
  4935 | D:5      | Reached skill level 7 in Fighting
  5034 | D:5      | Found a staircase to the Ecumenical Temple.
  5087 | D:5      | Reached ** piety under Beogh
  5214 | D:5      | Found an opulent altar of Gozag.
  5236 | D:5      | Found a glowing golden altar of the Shining One.
  5831 | D:6      | Reached XP level 9. HP: 79/79 MP: 9/9
  5872 | D:6      | Found Xichaub's Armour Shoppe.
  5879 | D:6      | Found Vala's Weapon Shoppe.
  5966 | D:6      | Found Ymocaemy's Antique Weapon Shoppe.
  6019 | D:6      | Found Lienar's Weapon Shoppe.
  6031 | D:6      | Found Bomak's Book Shop.
  6099 | D:6      | Found an ancient bone altar of Kikubaaqudgha.
  6105 | D:6      | Found a bloodstained altar of Trog.
  6120 | D:6      | Got a fine buckler
  6131 | D:6      | Identified the +2 buckler "Woef" {rPois rC+ rN+} (You found
                  | it on level 6 of the Dungeon)
  6185 | D:6      | Found an ancient bone altar of Kikubaaqudgha.
  6246 | D:7      | Noticed Duvessa
  6247 | D:7      | Noticed Dowan
  6303 | D:7      | Killed Duvessa
  6303 | D:7      | Reached skill level 8 in Fighting
  6308 | D:6      | Killed Dowan
  6451 | D:7      | Got a faintly humming ring mail
  6462 | D:7      | Identified the +2 ring mail of Inaction {Int+3} (You found
                  | it on level 7 of the Dungeon)
  6553 | D:7      | Noticed Pikel
  6573 | D:7      | Killed Pikel
  6678 | D:7      | Reached *** piety under Beogh
  7048 | D:7      | Learned a level 4 spell: Olgreb's Toxic Radiance
  7053 | D:7      | Learned a level 4 spell: Summon Lightning Spire
  7108 | D:8      | Reached skill level 9 in Fighting
  7123 | D:8      | Reached XP level 10. HP: 59/91 MP: 10/10
  7210 | D:8      | Reached skill level 1 in Summonings
  7216 | D:8      | Reached skill level 1 in Spellcasting
  7290 | D:8      | Noticed Joseph
  7317 | D:8      | Killed Joseph
  7329 | D:8      | Found a snail-covered altar of Cheibriados.
  7505 | D:8      | Paralysed by a hornet for 3 turns
  7521 | D:8      | Paralysed by a hornet for 1 turns
  7533 | D:8      | Reached skill level 10 in Axes
  7659 | D:8      | Found an ornate altar of the Wu Jian Council.
  8578 | D:9      | Found a glowing golden altar of the Shining One.
  8604 | D:9      | Found a basalt altar of Yredelemnul.
  8792 | D:10     | Entered Level 10 of the Dungeon
  8879 | D:10     | Reached skill level 10 in Fighting
  8967 | D:10     | Found a runed translucent door.
  8973 | D:10     | Found a runed translucent door.
  8986 | D:10     | Found a runed translucent door.
  9061 | D:10     | Found a runed translucent door.
  9609 | D:10     | Found a staircase to the Orcish Mines.
  9626 | D:10     | Reached **** piety under Beogh
  9627 | D:10     | Gained Learuk as an ally
  9633 | D:10     | Your ally Learuk died
  9663 | D:10     | Reached XP level 11. HP: 60/99 MP: 16/16
 10030 | D:9      | Reached skill level 5 in Summonings
 10354 | D:11     | Gained Arbolt as an ally
 10424 | D:11     | Your ally Arbolt died
 10541 | D:11     | Noticed a cyan ugly thing
 10579 | D:10     | Killed a cyan ugly thing
 10744 | D:11     | Reached ***** piety under Beogh
 10837 | D:11     | Found a staircase to the Lair.
 11065 | D:10     | Learned a level 1 spell: Animate Skeleton
 11159 | D:11     | Noticed Harold
 11189 | D:10     | Killed Harold
 11189 | D:10     | Reached skill level 5 in Spellcasting
 11368 | D:6      | Bought a +2 hand axe of venom for 187 gold pieces
 11597 | D:11     | Found a hazy altar of Hepliaklqana.
 11697 | D:11     | You fall through a shaft!
 11697 | D:12     | Noticed a two-headed ogre
 11747 | D:12     | Killed a two-headed ogre
 11790 | D:12     | Found Helaaqy's Food Shop.
 11790 | D:12     | Noticed an unseen horror
 11806 | D:11     | Reached skill level 11 in Fighting
 12151 | D:12     | Noticed a cyclops
 12173 | D:12     | Killed a cyclops
 12186 | D:12     | Identified 2 scrolls of acquirement
 12187 | D:12     | Got a faintly glowing dire flail
 12195 | D:11     | Identified the +10 dire flail of Dainih {crush, Str+2} (You
                  | acquired it on level 12 of the Dungeon)
 12242 | D:11     | Got a pitted broad axe
 12243 | D:11     | Identified the +7 broad axe "Avuubaf" {chop, rElec Int+3
                  | Stlth+} (You acquired it on level 11 of the Dungeon)
 12258 | D:11     | Learned a level 2 spell: Call Imp
 12606 | Lair:1   | Entered Level 1 of the Lair of Beasts
 12606 | Lair:1   | Noticed Nergalle
 12620 | Lair:1   | Killed Nergalle
 12620 | Lair:1   | Reached XP level 12. HP: 82/110 MP: 20/20
 12834 | Lair:1   | Noticed Gastronok
 12967 | D:11     | Killed Gastronok
 13112 | Lair:1   | Noticed Lapis's ghost (journeyman DEVM)
 13132 | Lair:1   | Found a transporter.
 13134 | Lair:1   | Found a transporter.
 13606 | Lair:1   | Noticed a six-headed hydra
 14090 | D:11     | Killed a 13-headed hydra
 14090 | D:11     | Reached skill level 1 in Invocations
 14632 | Lair:2   | Found a runed translucent gate.
 14633 | Lair:2   | Found a runed translucent gate.
 14634 | Lair:2   | Found a runed translucent gate.
 14644 | Lair:2   | Noticed Shimatora's ghost (journeyman MfIE)
 14875 | Lair:2   | Reached skill level 15 in Axes
 14944 | Lair:2   | Found a dark tunnel.
 14962 | Volcano  | Entered a volcano
 15021 | Volcano  | Reached XP level 13. HP: 67/117 MP: 21/21
 15894 | Lair:3   | Found a frozen archway.
 15940 | IceCv    | Entered an ice cave
 15955 | IceCv    | Reached ****** piety under Beogh
 16484 | IceCv    | Noticed a frost giant
 16529 | IceCv    | Killed a frost giant
 17251 | Lair:3   | You fall through a shaft for 2 floors!
 17582 | Lair:4   | Found a staircase to the Shoals.
 17640 | Lair:4   | Reached skill level 12 in Fighting
 18308 | Lair:3   | Found a staircase to the Snake Pit.
 19190 | Lair:3   | Learned a level 4 spell: Sticky Flame
 19278 | Lair:3   | Learned a level 2 spell: Throw Flame
 19454 | Lair:4   | Reached skill level 1 in Fire Magic
 19615 | Lair:4   | Reached skill level 1 in Conjurations
 20103 | Lair:5   | Reached XP level 14. HP: 75/127 MP: 22/22
 20840 | Lair:5   | You fall through a shaft!
 20840 | Lair:6   | Entered Level 6 of the Lair of Beasts
 20891 | Lair:5   | Gained Orkwin as an ally
 21709 | Lair:5   | Reached skill level 13 in Fighting
 21885 | Lair:6   | Reached skill level 5 in Invocations
 22119 | Lair:6   | Reached skill level 10 in Shields
 22338 | Lair:6   | Gained Bladwarg as an ally
 22345 | Lair:6   | Your ally Bladwarg died
 22458 | Lair:6   | Found a staircase to the Slime Pits.
 22688 | Lair:6   | Your ally Orkwin died
 23201 | Lair:6   | Got a distressingly furry cloak
 23212 | Lair:6   | Identified the +3 cloak of the Blacksmith {rC+ MR- MP+9}
                  | (You found it on level 6 of the Lair of Beasts)
 23745 | D:12     | Got a faintly glowing scale mail
 23764 | D:11     | Identified the cursed +0 scale mail of Analysis {-Cast
                  | rCorr Str+7} (You found it on level 12 of the Dungeon)
 24401 | D:12     | Found an opulent altar of Gozag.
 24490 | D:12     | Your ally Orkwin died
 25121 | Orc:1    | Entered Level 1 of the Orcish Mines
 25121 | Orc:1    | Noticed an orc warlord
 25123 | Orc:1    | Reached skill level 14 in Fighting
 25135 | Orc:1    | Killed an orc warlord
 25310 | Orc:2    | Entered Level 2 of the Orcish Mines
 25363 | Orc:2    | Found a roughly hewn altar of Beogh.
 25701 | Orc:2    | Reached XP level 15. HP: 138/138 MP: 23/23
 25728 | Orc:2    | Gained Grimold as an ally
 25838 | Orc:2    | Found Venteoc's Antique Armour Shoppe.
 25838 | Orc:2    | Found Zafutasm's General Store.
 25840 | Orc:2    | Found Okikhliurch's Armour Shoppe.
 25840 | Orc:2    | Found Joxtydu's General Store.
 25908 | Orc:2    | Bought the +11 chain mail of the Four Stories {MR+ Str+2
                  | Dex+3} for 1321 gold pieces
 26163 | Lair:6   | Got an iridescent quick blade
 26321 | Orc:1    | Identified the +1 quick blade of Vengeance {elec, *Contam
                  | rPois Str-5 SInv} (You found it on level 6 of the Lair of
                  | Beasts)
 26325 | Orc:1    | Learned a level 2 spell: Poisonous Vapours
 26455 | Orc:2    | Found a staircase to the Elven Halls.
 26473 | Orc:1    | Found Odiesuj's Gadget Shoppe.
 27232 | D:13     | Reached skill level 10 in Armour
 27238 | D:13     | Gained Zartorak as an ally
 27892 | D:13     | Gained Olfik as an ally
 28470 | D:13     | Reached skill level 5 in Fire Magic
 28814 | D:14     | Found a white marble altar of Elyvilon.
 28974 | D:14     | Gained Learuk as an ally
 29292 | D:14     | Found a gate to the Vaults.
 29503 | D:15     | Entered Level 15 of the Dungeon
 29538 | D:15     | Found a portal to a secret trove of treasure.
 29542 | D:15     | Reached skill level 5 in Conjurations
 29820 | D:15     | Reached skill level 15 in Fighting
 29850 | D:15     | Gained Argrim as an ally
 30182 | D:15     | Your ally Zartorak died
 30190 | D:15     | Gained Olfrun as an ally
 30198 | D:15     | Gained Nordag as an ally
 30314 | D:15     | Found a staircase to the Depths.
 31341 | Orc:2    | Bought a scroll of blinking for 120 gold pieces
 31341 | Orc:2    | Bought a scroll of teleportation for 48 gold pieces
 31349 | Orc:2    | Bought a scroll of teleportation for 39 gold pieces
 31854 | Snake:1  | Entered Level 1 of the Snake Pit
 32351 | Snake:1  | Reached XP level 16. HP: 113/149 MP: 18/24
 32657 | Snake:1  | Found Neupn's Antique Weapon Boutique.
 32951 | Snake:2  | Found Tatewkyz's Weapon Emporium.
 33209 | Snake:2  | Found Ylosaor's Jewellery Boutique.
 33261 | Snake:2  | Your ally Argrim died
 33323 | Snake:2  | Found Xuzuy's Armour Shoppe.
 33323 | Snake:2  | Found Lisumewn's Antique Armour Emporium.
 33408 | Snake:2  | Noticed Frances
 33417 | Snake:2  | Your ally Grimold died
 33423 | Snake:2  | Killed Frances
 34050 | Snake:2  | Found Opuseenk's Antique Weapon Emporium.
 34129 | Snake:2  | Gained Bogwald as an ally
 34973 | Snake:3  | Your ally Bogwald died
 35169 | Snake:3  | Reached skill level 16 in Fighting
 35374 | Snake:3  | Your ally Olfrun died
 36453 | Shoals:1 | Entered Level 1 of the Shoals
 36538 | Shoals:1 | Reached XP level 17. HP: 131/158 MP: 15/25
 36874 | Shoals:1 | Found a sparkling altar of Nemelex Xobeh.
 36883 | Shoals:1 | You fall through a shaft!
 37271 | Shoals:1 | Noticed Kirke
 37282 | Shoals:1 | Killed Kirke
 37370 | Shoals:1 | Your ally Grimold died
 37380 | Shoals:1 | Reached skill level 15 in Shields
 37624 | Shoals:1 | Noticed a kraken
 38208 | Shoals:2 | Your ally Nordag died
 39077 | Shoals:4 | Entered Level 4 of the Shoals
 39870 | Shoals:4 | Got a barnacled rune of Zot
 40156 | Shoals:4 | Your ally Learuk died
 40177 | Shoals:4 | Your ally Olfik died
 40211 | Shoals:4 | Reached skill level 17 in Fighting
 41094 | Vaults:1 | Entered Level 1 of the Vaults
 41138 | Vaults:1 | Reached XP level 18. HP: 156/169 MP: 17/26
 41503 | Vaults:1 | Found a flickering gateway to a bazaar.
 41519 | Bazaar   | Entered a bazaar
 41521 | Bazaar   | Found Uwkifyd's General Store.
 41526 | Bazaar   | Found Gerraduo's Weapon Boutique.
 41526 | Bazaar   | Found Begoyruwk's Antique Armour Boutique.
 41526 | Bazaar   | Found Saeget Woth's Distillery.
 41540 | Bazaar   | Bought a potion of heal wounds for 40 gold pieces
 41540 | Bazaar   | Bought a potion of haste for 80 gold pieces
 41540 | Bazaar   | Bought a potion of haste for 80 gold pieces
 42729 | Vaults:2 | Reached skill level 10 in Fire Magic
 43103 | Vaults:1 | Learned a level 5 spell: Fireball
 43357 | Vaults:2 | Reached skill level 18 in Fighting
 43759 | Vaults:2 | Found a staircase to the Crypt.
 43890 | Vaults:2 | Reached skill level 10 in Conjurations
 43913 | Vaults:2 | Reached XP level 19. HP: 168/179 MP: 12/30
 44780 | Vaults:3 | Your ally Olfik died
 45428 | Vaults:3 | Noticed Mennas
 45446 | Vaults:3 | Killed Mennas
 45459 | Vaults:3 | Killed a lich
 45736 | Vaults:3 | Reached skill level 19 in Fighting
 45770 | Vaults:3 | Noticed Mara
 45784 | Vaults:3 | Killed Mara
 45821 | Vaults:3 | Gained Bogdar as an ally
 46081 | Vaults:3 | Reached XP level 20. HP: 178/191 MP: 32/32
 46765 | Vaults:4 | Noticed Margery
 46783 | Vaults:4 | Killed Margery
 47494 | Vaults:2 | Got a fine buckler
 47505 | Vaults:2 | Identified the +3 buckler of Cyogogg {Str+5} (You found it
                  | on level 2 of the Vaults)
 47833 | Snake:1  | Bought a fine hand axe for 280 gold pieces
 47833 | Snake:1  | Identified the +5 hand axe of Jiodaoso {chop, *Corrode MP+9
                  | Str+2} (You bought it in a shop on level 1 of the Snake
                  | Pit)
 48515 | Snake:4  | Entered Level 4 of the Snake Pit
 48585 | Snake:4  | Gained Hilgar as an ally
 48595 | Snake:4  | Reached skill level 1 in Air Magic
 49101 | Snake:4  | Your ally Olfik died
 50693 | Snake:4  | Got a serpentine rune of Zot
 51231 | Orc:2    | Learned a level 3 spell: Mephitic Cloud
 51232 | Elf:1    | Entered Level 1 of the Elven Halls
 51251 | Elf:1    | Noticed Jorgrun
 51257 | Elf:1    | Killed Jorgrun
 52096 | Elf:1    | Identified the Compendium of Conjuration and Calling
 52469 | Elf:2    | Reached skill level 5 in Air Magic
 53271 | Elf:2    | Found a runed translucent gate.
 53271 | Elf:2    | Found a runed translucent gate.
 53271 | Elf:2    | Found a runed translucent gate.
 53612 | Elf:3    | Entered Level 3 of the Elven Halls
 53683 | Elf:3    | Reached XP level 21. HP: 200/200 MP: 25/34
 53726 | Elf:3    | Found Pifed's Book Shop.
 54621 | Elf:3    | Reached skill level 10 in Spellcasting
 54661 | Elf:3    | Reached skill level 20 in Fighting
 55144 | Elf:3    | Identified the ring of Bolott {rF+ Str-5 Int+4 Stlth+}
 55946 | Elf:3    | Got a jewelled hand crossbow
 55948 | Elf:3    | Identified the Compendium of Feathery Venom
 55961 | Elf:3    | Identified Iduo's Incunabulum of the Enthralling Blaze
 55990 | Elf:3    | Got a slimy ruby amulet
 56020 | Elf:3    | Got an ichor-stained scale mail
 56022 | Elf:3    | Identified the amulet of Plog {Inacc *Slow rN++ Str+6} (You
                  | found it on level 3 of the Elven Halls)
 56024 | Elf:3    | Identified the +6 scale mail of Wonoovow {Int+3} (You found
                  | it on level 3 of the Elven Halls)
 56480 | Elf:3    | Identified the +6 hand crossbow of Offence {speed, Str+2}
                  | (You found it on level 3 of the Elven Halls)
 57012 | Elf:2    | Noticed Azrael
 57017 | Elf:2    | Killed Azrael
 57676 | Slime:1  | Entered Level 1 of the Pits of Slime
 57894 | Slime:3  | Learned a level 5 spell: Bolt of Magma
 57937 | Slime:4  | Gained mutation: You are robust. (+10% HP) [a shining eye]
 57938 | Slime:4  | Gained mutation: You are dopey. (Int -2) [a shining eye]
 57941 | Slime:4  | Gained mutation: You tend to lose your temper in combat. [a
                  | shining eye]
 57991 | Slime:5  | Entered Level 5 of the Pits of Slime
 58059 | Slime:5  | Gained mutation: You have sharp toenails. [a shining eye]
 58063 | Slime:4  | Gained mutation: Your magical capacity is low. (-10% MP) [a
                  | shining eye]
 58066 | Slime:4  | Gained mutation: You occasionally shout uncontrollably at
                  | your foes. [a shining eye]
 58278 | Slime:5  | Noticed the Royal Jelly
 58580 | Slime:5  | Paralysed by a floating eye for 4 turns
 58959 | Slime:5  | Reached XP level 22. HP: 232/232 MP: 24/32
 59101 | Slime:5  | Killed the Royal Jelly
 59107 | Slime:5  | Your ally Olfrun died
 59113 | Slime:5  | Your ally Hilgar died
 59473 | Slime:5  | Got a slimy rune of Zot
 59475 | Slime:5  | Got a crystal scythe
 59488 | Slime:5  | Identified the +3 scythe of the Two Names {freeze, rN+
                  | Int+4} (You found it on level 5 of the Pits of Slime)
 59506 | Slime:5  | Identified the Reference Book on Fire and Companions
 59552 | Slime:5  | Got an encrusted hand crossbow
 59553 | Slime:5  | Identified the +7 hand crossbow of Mana {flame, rF+ rC+
                  | Str+3 Int+2} (You found it on level 5 of the Pits of Slime)
 59855 | Slime:2  | Gained mutation: Your spells are a little easier to cast,
                  | but a little less powerful. [a shining eye]
 59858 | Slime:2  | Gained mutation: Potions are less effective at restoring
                  | your health. [a shining eye]
 60268 | D:15     | You showed the slimy rune of Zot to enter a treasure trove
 60269 | Trove    | Entered a treasure trove
 60277 | Trove    | Got a pitted hand axe
 60278 | Trove    | Identified the +5 hand axe "Gyzakhuo" {flame, *Contam rElec
                  | Str+2} (You found it in a treasure trove)
 60289 | Trove    | Got a twisted scale mail
 60293 | Trove    | Lost mutation: You are robust. (+10% HP) [mutagenic glow]
 60300 | Trove    | Identified the +7 scale mail of Lokhown {rC+} (You found it
                  | in a treasure trove)
 60320 | Trove    | Got a translucent lead amulet
 60321 | Trove    | Identified the amulet of Limitation {+Rage rC++ rN+} (You
                  | found it in a treasure trove)
 60368 | Trove    | Got a crude brass ring
 60371 | Trove    | Identified the ring "Sargheonee" {rC+ rN+ Slay+3 Stlth+}
                  | (You found it in a treasure trove)
 60391 | Trove    | Got a warped broad axe
 60392 | Trove    | Identified the +12 broad axe of Guile {speed, rN+ Str-5
                  | Dex+3} (You found it in a treasure trove)
 60420 | Trove    | Got a faintly glowing battleaxe
 60426 | Trove    | Identified the +7 battleaxe of Crystal {pain, *Slow Int+4
                  | SInv} (You found it in a treasure trove)
 61394 | Lair:3   | Lost mutation: You are dopey. (Int -2) [potion of mutation]
 61394 | Lair:3   | Lost mutation: You have sharp toenails. [potion of
                  | mutation]
 61394 | Lair:3   | Lost mutation: Your spells are a little easier to cast, but
                  | a little less powerful. [potion of mutation]
 61394 | Lair:3   | Lost mutation: You tend to lose your temper in combat.
                  | [potion of mutation]
 61394 | Lair:3   | Gained mutation: You have a pair of small horns on your
                  | head. [potion of mutation]
 61394 | Lair:3   | Gained mutation: Your muscles are strong. (Str +2) [potion
                  | of mutation]
 61816 | Lair:2   | Killed Shimatora's ghost
 61922 | Lair:1   | Killed Lapis's ghost
 62188 | Depths:1 | Entered Level 1 of the Depths
 62343 | Depths:1 | Found a gateway to a ziggurat.
 62465 | Depths:1 | Found the ring of Robustness {AC+8}
 62947 | Depths:1 | Noticed Saint Roka
 63716 | Depths:1 | Found a one-way gate to the infinite horrors of the Abyss.
 63788 | Depths:1 | Found a gateway to Hell.
 64559 | Depths:2 | Paralysed by a floating eye for 2 turns
 64756 | Depths:2 | Reached skill level 21 in Fighting
 64771 | Depths:2 | Your ally died
 64930 | Depths:2 | Paralysed by a floating eye for 2 turns
 64936 | Depths:2 | Paralysed by a floating eye for 2 turns
 65103 | Depths:2 | Noticed Sojobo
 65108 | Depths:2 | Killed Sojobo
 65108 | Depths:2 | Reached skill level 15 in Fire Magic
 65895 | Depths:2 | Found the ring of Phasing {EV+8}
 66067 | Depths:2 | Got a sparkling platinum ring
 66070 | Depths:2 | Identified the ring "Neun" {rPois rC- rN++ MP+9 Int+3} (You
                  | found it on level 2 of the Depths)
 66131 | Depths:2 | Noticed an ancient lich
 66138 | Depths:2 | Killed an ancient lich
 66138 | Depths:2 | Reached skill level 15 in Conjurations
 66805 | Depths:2 | Found the +8 storm bow {elec}
 67353 | Snake:3  | Reached XP level 23. HP: 220/220 MP: 33/33
 67677 | Depths:3 | Noticed NeAGen181's ghost (veteran HOFi)
 67678 | Depths:3 | Noticed a golden dragon
 68052 | Depths:3 | Reached XP level 24. HP: 223/228 MP: 33/33
 68076 | Depths:3 | Learned a level 3 spell: Spectral Weapon
 68168 | Depths:3 | Reached skill level 1 in Hexes
 68171 | Depths:3 | Reached skill level 1 in Charms
 68211 | Depths:3 | Found a one-way gate leading to the halls of Pandemonium.
 68462 | Depths:3 | Found a runed translucent gate.
 68462 | Depths:3 | Found a runed translucent gate.
 68462 | Depths:3 | Found a runed translucent gate.
 68757 | Depths:3 | You fall through a shaft for 2 floors!
 68757 | Depths:5 | Entered Level 5 of the Depths
 69151 | Depths:4 | Got a faintly glowing plate armour
 69165 | Depths:3 | Identified the +1 plate armour "Tismukk" {rElec Regen+
                  | Int-2 Stlth+} (You found it on level 4 of the Depths)
 70225 | Depths:3 | Identified the +3 faerie dragon scales {rCorr Str+6 SInv
                  | Clar}
 70225 | Depths:3 | Noticed the Enchantress
 70232 | Depths:3 | Noticed a juggernaut
 70252 | Depths:3 | Your ally Olfrun died
 70254 | Depths:3 | Killed a juggernaut
 70254 | Depths:3 | Reached skill level 5 in Hexes
 70298 | Depths:3 | Killed the Enchantress
 70697 | Depths:3 | Noticed a caustic shrike
 70703 | Depths:3 | Reached skill level 5 in Charms
 70705 | Depths:3 | Identified the +11 dagger "Bioxtecse" {venom, rElec rF-
                  | rN++}
 70706 | Depths:3 | Killed a caustic shrike
 70706 | Depths:3 | Reached skill level 22 in Fighting
 70745 | Depths:3 | Identified the Handbook of the Floating Entourage
 71390 | Depths:4 | Noticed Jory
 71413 | Depths:4 | Killed Jory
 71419 | Depths:4 | Noticed Louise
 71434 | Depths:4 | Killed Louise
 71766 | D:11     | Learned a level 3 spell: Conjure Flame
 71771 | D:11     | Learned a level 4 spell: Fulminant Prism
 71794 | Lair:1   | Learned a level 3 spell: Stone Arrow
 71798 | Lair:1   | Learned a level 3 spell: Summon Guardian Golem
 72291 | Depths:4 | Your ally Hilgar died
 72731 | Depths:4 | Reached XP level 25. HP: 184/238 MP: 21/33
 73085 | Depths:4 | Noticed a juggernaut
 73113 | Depths:4 | Killed a juggernaut
 73480 | Depths:4 | Noticed a juggernaut
 73499 | Depths:4 | Killed a juggernaut
 73577 | Depths:4 | Identified the cursed +0 crystal plate armour of Exclusion
                  | {rCorr}
 73996 | Depths:5 | Noticed a juggernaut
 74020 | Depths:5 | Killed a juggernaut
 74303 | Depths:5 | Was placed under penance by Beogh
 74685 | Depths:5 | Was forgiven by Beogh
 75462 | Depths:5 | Found a gate to the Realm of Zot.
 75670 | Depths:4 | Learned a level 4 spell: Airstrike
 75965 | Vaults:4 | Found Biofisid's Jewellery Boutique.
 75979 | Vaults:4 | Bought the ring "Hyjiebot" {AC+6 Str+3 Dex-3 SInv Stlth+}
                  | for 1380 gold pieces
 77049 | Vaults:4 | Reached skill level 10 in Summonings
 77095 | Vaults:4 | Found Laeshri's Book Boutique.
 77205 | Vaults:5 | Entered Level 5 of the Vaults
 77217 | Vaults:4 | Reached skill level 10 in Hexes
 78299 | Vaults:4 | Reached XP level 26. HP: 218/249 MP: 29/33
 78466 | Vaults:4 | Reached skill level 23 in Fighting
 78928 | Vaults:5 | Noticed an ancient lich
 79526 | Vaults:4 | Killed an ancient lich
 79695 | Vaults:5 | Your ally Olfrun died
 79707 | Vaults:5 | Your ally Hilgar died
 79794 | Vaults:5 | Your ally died
 79802 | Vaults:5 | Identified the amulet of Raize {Harm *Drain +Fly rElec MR++
                  | Str-3}
 80388 | Vaults:5 | Identified the +4 short sword of Valour {pierce, Dex+7}
 80700 | Vaults:5 | Identified the cursed +1 rapier "Lidoefih" {antimagic,
                  | *Noise Str+6 Int+3}
 80700 | Vaults:5 | Noticed Boris
 80724 | Vaults:5 | Killed Boris
 80918 | Vaults:5 | Identified the +6 mace "Ubbughei" {freeze, rPois MR+ Str+9}
 81224 | Vaults:5 | Identified the +8 chain mail of the Vaults {rN+}
 81471 | Vaults:5 | Got a silver rune of Zot
 81547 | Vaults:5 | Got a pair of smoking boots
 81558 | Vaults:5 | Identified the +2 pair of boots "Sikh" {rC+ Slay+4} (You
                  | found it on level 5 of the Vaults)
 81570 | Vaults:5 | Got a fine morningstar
 81571 | Vaults:5 | Identified the cursed +1 morningstar "Goblinbane" {drain,
                  | Str+3} (You found it on level 5 of the Vaults)
 81588 | Vaults:5 | Got a slimy ring mail
 81589 | Vaults:5 | Identified the cursed +1 ring mail "Xamob" {rC- rCorr Str+9
                  | Dex-2} (You found it on level 5 of the Vaults)
 81668 | Vaults:5 | Identified the Incunabulum of Weightlessness and
                  | Confrontation
 81750 | Vaults:5 | Got a pair of spiked boots
 81761 | Vaults:5 | Identified the +2 pair of boots of the Gastropod {+Inv
                  | rPois} (You found it on level 5 of the Vaults)
 82098 | Vaults:5 | Learned a level 5 spell: Summon Mana Viper
 82446 | Zot:1    | Entered Level 1 of the Realm of Zot
 82769 | Zot:1    | Identified the Grimoire of Mutagenic Enhancements
 83315 | Zot:1    | Reached XP level 27. HP: 247/260 MP: 33/33
 84059 | Zot:2    | Reached skill level 24 in Fighting
 84160 | Zot:2    | Got a twisted ring mail
 84210 | Zot:2    | Noticed an orb of fire
 84213 | Zot:2    | Gained mutation: You have a pair of horns on your head. [an
                  | orb of fire]
 84221 | Zot:2    | Killed an orb of fire
 84835 | Zot:2    | Identified the +1 ring mail "Gobakare" {*Drain Int+4 Dex+4}
                  | (You found it on level 2 of the Realm of Zot)
 86417 | Zot:3    | Noticed an orb of fire
 86432 | Zot:3    | Killed an orb of fire
 88384 | Snake:2  | Bought an encrusted plate armour for 952 gold pieces
 88384 | Snake:2  | Identified the cursed +1 plate armour of the Demon Prince
                  | {rF+} (You bought it in a shop on level 2 of the Snake Pit)
 88755 | Orc:2    | Bought the +11 plate armour of Duck's Teeth {rElec MR+} for
                  | 1171 gold pieces
 89188 | Zot:4    | Noticed Vuoshruy's ghost (veteran MiBe)
 89260 | Zot:4    | Reached skill level 15 in Armour
 89626 | Zot:4    | Found a transporter.
 89794 | Zot:4    | Found the +9 heavy crossbow "Sniper" {velocity, Acc+∞ SInv}
 89899 | Zot:4    | Found a transporter.
 90334 | Zot:5    | Entered Level 5 of the Realm of Zot
 90427 | Zot:5    | Learned a level 1 spell: Summon Butterflies
 90872 | Zot:5    | Reached skill level 25 in Fighting
 91080 | Zot:5    | Noticed an ancient lich
 91102 | Zot:5    | Killed an ancient lich
 91169 | Zot:5    | Noticed an ancient lich
 91176 | Zot:5    | Killed an ancient lich
 91308 | Zot:5    | Noticed an ancient lich
 91331 | Zot:5    | Killed an ancient lich
 91510 | Zot:5    | Noticed an ancient lich
 91548 | Zot:5    | Killed an ancient lich
 91752 | Zot:5    | Noticed an orb of fire
 91763 | Zot:5    | Gained mutation: Scrolls take you a little longer to read.
                  | [an orb of fire]
 91782 | Zot:5    | Lost mutation: Your muscles are strong. (Str +2) [an orb of
                  | fire]
 91786 | Zot:5    | Gained mutation: You are dopey. (Int -2) [an orb of fire]
 91789 | Zot:5    | Killed an orb of fire
 91789 | Zot:5    | Reached skill level 15 in Hexes
 91790 | Zot:5    | Noticed an orb of fire
 91804 | Zot:5    | Gained mutation: You are very dopey. (Int -4) [an orb of
                  | fire]
 91807 | Zot:5    | Your ally Hilgar died
 91840 | Zot:5    | HP: 13/266 [orb of fire/bolt of fire (28)]
 91846 | Zot:4    | Gained mutation: You are weak. (Str -2) [an orb of fire]
 91849 | Zot:4    | HP: 7/399 [orb of fire/bolt of fire (16)]
 91850 | Zot:4    | Killed from afar by an orb of fire

Skill      XL: |  1  2  3  4  5  6  7  8  9 10 11 12 13 14 15 16 17 18 19 20 21 22 23 24 25 26 27 |
---------------+----------------------------------------------------------------------------------+-----
Axes           | 3 4 5 6 7 9 10 11 15 18 | 18.0
Fighting       | 4 5 6 7 9 10 11 12 14 15 16 17 18 19 20 21 22 23 25 | 25.3
Armour         | 4 5 6 8 9 10 11 12 13 14 16 | 16.0
Shields        | 4 5 6 8 9 11 12 14 15 16 | 16.7
Summonings     | 4 6 7 8 10 13 | 13.7
Spellcasting   | 3 5 7 8 9 10 | 10.2
Invocations    | 1 4 7 8 |  8.9
Fire Magic     | 2 3 7 9 11 12 13 15 16 17 | 17.5
Conjurations   | 1 3 6 8 10 11 12 14 15 16 17 | 17.8
Air Magic      | 5 7 |  7.0
Hexes          | 6 10 12 15 | 15.0
Charms         | 5 6 |  6.5
Earth Magic    | |  0.6

Action                   |  1- 3 |  4- 6 |  7- 9 | 10-12 | 13-15 | 16-18 | 19-21 | 22-24 | 25-27 || total
-------------------------+-------+-------+-------+-------+-------+-------+-------+-------+-------++-------
Melee: War axe           |   106 |   153 |   439 |   415 |       |       |       |       |       ||  1113
       Hand axe          |       |       |       |    67 |       |       |       |       |       ||    67
       Broad axe         |       |       |       |   196 |   890 |   917 |   882 |   868 |  1249 ||  5002
       Unarmed           |       |       |       |       |       |     3 |       |       |       ||     3
       Headbutt          |       |       |       |       |       |       |       |   263 |   409 ||   672
 Cast: Animate Skeleton  |       |       |       |     4 |       |       |       |       |     1 ||     5
       Throw Flame       |       |       |       |       |    10 |   106 |   152 |    89 |    13 ||   370
       Poisonous Vapours |       |       |       |       |       |     3 |    72 |    33 |     5 ||   113
       Sticky Flame      |       |       |       |       |       |     3 |     8 |    15 |     4 ||    30
       Fireball          |       |       |       |       |       |       |    19 |    14 |       ||    33
       Mephitic Cloud    |       |       |       |       |       |       |     2 |    11 |       ||    13
       Summon Lightning  |       |       |       |       |       |       |     2 |    15 |    52 ||    69
       Spectral Weapon   |       |       |       |       |       |       |       |    16 |    61 ||    77
       Fulminant Prism   |       |       |       |       |       |       |       |     2 |     1 ||     3
       Summon Guardian G |       |       |       |       |       |       |       |     1 |     1 ||     2
       Conjure Flame     |       |       |       |       |       |       |       |       |    24 ||    24
       Stone Arrow       |       |       |       |       |       |       |       |       |     3 ||     3
       Summon Mana Viper |       |       |       |       |       |       |       |       |    16 ||    16
Invok: Convert to Beogh  |       |     1 |       |       |       |       |       |       |       ||     1
       Recall Orcish Fol |       |       |       |     1 |    17 |    24 |    26 |    38 |    29 ||   135
       Smiting           |       |       |       |       |     3 |       |       |       |       ||     3
       Give Item to Name |       |       |       |       |     8 |     1 |     2 |     1 |       ||    12
       Resurrection      |       |       |       |       |     1 |     4 |     2 |     5 |     1 ||    13
       Stop Recall       |       |       |       |       |       |       |       |       |     1 ||     1
Evoke: Wand              |       |       |       |     9 |     7 |       |     1 |     1 |       ||    18
  Use: Scroll            |       |       |    15 |    13 |    13 |     9 |    18 |     8 |    13 ||    89
       Potion            |       |       |       |     6 |     2 |     1 |     2 |     7 |    24 ||    42
 Stab: Confused          |       |       |       |     1 |       |       |     1 |     3 |       ||     5
       Invisible         |       |       |       |     8 |       |       |       |       |       ||     8
       Distracted        |       |       |       |       |     6 |     4 |     7 |    13 |    16 ||    46
  Eat: Chunk             |       |     5 |    13 |    12 |    31 |    28 |    12 |    14 |    19 ||   134
       Ration            |       |     1 |       |     4 |     7 |     3 |    13 |    10 |    14 ||    52
Armor: Scale mail        |    61 |    51 |   133 |       |       |       |       |       |       ||   245
       Ring mail         |       |       |    22 |   215 |       |       |       |       |       ||   237
       Plate armour      |       |       |       |   110 |   325 |       |       |       |    65 ||   500
       Chain mail        |       |       |       |       |   123 |   386 |   326 |   305 |   399 ||  1539
Dodge: Dodged            |    36 |    59 |    98 |   215 |   191 |   200 |   148 |   119 |   158 ||  1224
Block: Shield            |    55 |    71 |   176 |       |    29 |   416 |   484 |   514 |   748 ||  2493
       Large shield      |       |       |   144 |    63 |       |       |       |       |       ||   207
       Buckler           |       |       |       |   222 |   241 |   127 |    43 |       |       ||   633
